 Dungeon Crawl Stone Soup version 0.22-a0-299-g43f9854 (webtiles) character file.

1938 sankara the Conjurer (level 8, 0/54 HPs)
             Began as a Demonspawn Fire Elementalist on Mar 25, 2018.
             Was an Initiate of Kikubaaqudgha.
             Slain by an orc wizard
             ... wielding a +0 dagger
              (3 damage)
             ... on level 7 of the Dungeon.
             The game lasted 00:31:12 (8732 turns).

sankara the Conjurer (Demonspawn Fire Elementalist) Turns: 8732, Time: 00:31:13

Health: 0/54       AC:  2    Str: 11    XL:     8   Next: 97%
Magic:  14/14      EV: 12    Int: 18    God:    Kikubaaqudgha [......]
Gold:   320        SH:  0    Dex: 14    Spells: 2/15 levels left

rFire    . . .     SeeInvis .   a - +1 whip (flame)
rCold    . . .     Gourm    .   (no shield)
rNeg     . . .     Faith    .   i - +0 robe
rPois    +         Spirit   .   (no helmet)
rElec    .         Reflect  .   (no cloak)
rCorr    .         Harm     .   (no gloves)
MR       .....                  (no boots)
Stlth    +++.......             (no amulet)
HPRegen  0.18/turn              j - +2 ring of strength
MPRegen  0.14/turn              t - ring of poison resistance {rPois, !d}

@: no status effects
A: hooves 2, nightstalker 1, powered by death 1
a: Renounce Religion


You were on level 7 of the Dungeon.
You worshipped Kikubaaqudgha.
Kikubaaqudgha was noncommittal.
You were hungry.

You visited 2 branches of the dungeon, and saw 8 of its levels.

You collected 320 gold pieces.

Inventory:

Hand Weapons
 a - a +1 whip of flaming (weapon)
   (You took it off Pikel on level 5 of the Dungeon)
 b - a +0 whip of venom
   (You found it on level 4 of the Dungeon)
 s - a +0 dagger
   (You took it off Jessica on level 2 of the Dungeon)
 u - a +0 long sword
   (You took it off Blork the orc on level 5 of the Dungeon)
 y - a +0 rapier
   (You took it off Eustachio on level 5 of the Dungeon)
Missiles
 e - 282 stones (quivered)
 r - a throwing net {=f, !d}
 w - 2 tomahawks of returning
 z - 45 sling bullets
 C - 2 tomahawks
Armour
 i - a +0 robe (worn)
Jewellery
 j - a +2 ring of strength (left hand)
   (You found it on level 3 of the Dungeon)
 t - a ring of poison resistance (right hand) {rPois, !d}
   (You found it on level 4 of the Dungeon)
Scrolls
 g - 4 scrolls of remove curse
 k - 2 scrolls of immolation {unknown}
 m - a scroll of noise {unknown}
 n - a scroll of teleportation
 o - 2 scrolls of fear {unknown}
 p - a scroll of magic mapping {unknown}
 v - a scroll of enchant weapon {unknown}
 x - a scroll of identify {unknown}
 F - a scroll of amnesia {unknown}
Potions
 d - 5 potions of flight {unknown}
 f - a potion of brilliance {unknown}
 h - 3 potions of heal wounds {unknown}
 l - 2 potions of curing {unknown}
 q - a potion of berserk rage {unknown}
 A - 4 potions of degeneration {unknown}
 B - 2 potions of invisibility {unknown}
 E - a potion of agility {unknown}
Comestibles
 c - 13 rations


   Skills:
 - Level 1.3 Fighting
 - Level 1.7 Dodging
 - Level 1.7 Stealth
 - Level 4.0 Spellcasting
 + Level 7.7 Conjurations
 + Level 7.5 Fire Magic


You had 2 spell levels left.
You knew the following spells:

 Your Spells              Type           Power        Failure   Level  Hunger
a - Flame Tongue          Conj/Fire      ####.        1%          1    None
c - Conjure Flame         Conj/Fire      ####....     1%          3    ###....
d - Sticky Flame          Conj/Fire      ####....     6%          4    ####...
f - Fireball              Conj/Fire      ####......   17%         5    ######.


Dungeon Overview and Level Annotations

Branches:
Dungeon (7/15)             Temple (1/1) D:5

Altars:
Cheibriados
Dithmenos
Elyvilon
Fedhas
Gozag
Hepliaklqana
Kikubaaqudgha
Makhleb
Nemelex Xobeh
Okawaru
Qazlal
Sif Muna
Uskayaw
Vehumet
Wu Jian
Xom
Yredelemnul
Zin
The Shining One

Shops:
D:5 :   D:6 %


Innate Abilities, Weirdness & Mutations

You have hoof-like feet.
You are slightly more attuned to the shadows.
You regenerate a little health from kills.


Message History

You kick the bullfrog zombie.
The bullfrog zombie is severely damaged.
The bullfrog zombie hits you. x2
You are too injured to fight recklessly!
You are too injured to fight recklessly!
You are too injured to fight recklessly!
You are too injured to fight recklessly!
You are too injured to fight recklessly!
You are too injured to fight recklessly!
You hit the bullfrog zombie. You burn the bullfrog zombie.
The bullfrog zombie is almost destroyed.
The bullfrog zombie closely misses you.
You hit the bullfrog zombie but do no damage.
You destroy the bullfrog zombie!
Kikubaaqudgha accepts your kill.
You start resting.
HP restored.
Found a stone staircase leading up.
You now have 320 gold pieces (gained 8).
An orc wizard comes into view. It is wielding a dagger.
The orc wizard shouts!
You hear a shout! x2
No reachable target in view!
No reachable target in view! 2 orc wizards come into view.
You hit the orc wizard but do no damage.
Your kick misses the orc wizard.
The orc wizard hits you but does no damage.
You barely miss the orc wizard. The orc wizard hits you with a dagger.
The orc wizard hits you but does no damage.
Casting: Flame Tongue (safe; 1% risk of failure)
Confirm with . or Enter, or press ? or * to list all spells.
Aiming: Flame Tongue (safe; 1% risk of failure)
Press: ? - help, Shift-Dir - straight line, f - orc wizard
Aim: an orc wizard, wielding a dagger and wearing a robe The flame tongue hits the orc wizard.
The orc wizard is moderately wounded.
The orc wizard hits you with a dagger.
The orc wizard hits you but does no damage.
Casting: Flame Tongue (safe; 1% risk of failure)
Confirm with . or Enter, or press ? or * to list all spells.
Aiming: Flame Tongue (safe; 1% risk of failure)
Press: ? - help, Shift-Dir - straight line, f/p - orc wizard
Aim: an orc wizard, wielding a dagger and wearing a robe (moderately wounded)
The flame tongue hits the orc wizard.
The orc wizard appears unharmed.
The orc wizard is moderately wounded.
The orc wizard hits you with a dagger.
The orc wizard points at you and mumbles some strange words.
You are confused.
You're too confused to cast spells.
You're too confused!
Unknown command.
You're too confused to cast spells.
Unknown command.
The orc wizard gestures at you while chanting.
You are more confused.
You bump into the rock wall.
The orc wizard mumbles some strange words.
The orc wizard seems to speed up.
You're too confused to move!
The orc wizard hits you with a dagger.
The orc wizard hits you but does no damage.
You miss the orc wizard.
You are feeling hungry.
The orc wizard completely misses you. The orc wizard barely misses you.
The orc wizard hits you but does no damage.
You bump into the translucent rock wall.
The orc wizard completely misses you. The orc wizard closely misses you.
The orc wizard hits you with a dagger. The orc wizard casts a spell at you.
You resist with some effort.
The orc wizard looks satisfied for a moment.
The orc wizard hits you with a dagger.
The orc wizard casts a spell.
The orc wizard flickers and vanishes!
Deactivating autopickup; reactivate with Ctrl-A.
The orc wizard hits you with a dagger.
You bump into the translucent rock wall.
Something hits you but does no damage. The orc wizard barely misses you.
You completely miss the orc wizard. Your kick misses the orc wizard.
The orc wizard casts a cantrip, but nothing happens.
Something hits you but does no damage.
The orc wizard points at you and mumbles some strange words.
The puff of flame hits you!
The orc wizard hits you with a dagger. x2
* * * LOW HITPOINT WARNING * * *
You bump into the translucent rock wall.
You feel less confused. Something hits you.
* * * LOW HITPOINT WARNING * * *
The orc wizard closely misses you. The orc wizard misses you.
Something hits you.
* * * LOW HITPOINT WARNING * * *
The orc wizard hits you with a dagger.
* * * LOW HITPOINT WARNING * * *
Something hits you.
* * * LOW HITPOINT WARNING * * *
The orc wizard closely misses you.
There is an escape hatch in the ceiling here.
The orc wizard closely misses you. Something hits you.
You die...
Kikubaaqudgha rasps: "You have failed me!
Welcome... death!"

#.....!# ###......#.#.
.................#
#.##...##.....#.#.#.#
#.............#......
#..###..............#
#...................#
##.....#...#..........
#.##....#..@o...###......
#.....<.........#o#......
...##.#.###...###.#'#....
.............#..:..#....
####.#.##..#.###.### ...
#...##..#...#.#... ##
#.####.#....###... #.
#..#<.......#. #
....#.......#


You could see 2 orc wizards.

Vanquished Creatures
  Pikel (D:5)
  Eustachio (D:5)
  The ghost of sankara the Firebug, an amateur DsFE (D:4)
  4 slaves
  A black bear (D:6)
  An ogre (D:5)
  2 bullfrogs
  Blork the orc (D:5)
  A scorpion (D:5)
  A bullfrog zombie (D:7)
  A crimson imp (D:6)
  2 bullfrog skeletons (D:5)
  4 orc priests
  4 hounds
  3 orc wizards
  2 centaur skeletons
  Jessica (D:2)
  5 worker ants
  2 worker ant zombies (D:5)
  5 adders
  An adder zombie (D:5)
  3 worms
  3 dart slugs
  3 leopard geckos
  14 orcs
  6 bats
  10 giant cockroaches
  8 goblins
  8 hobgoblins
  9 jackals
  5 quokkas
  4 frilled lizards
  A giant cockroach zombie (D:5)
  4 kobolds
  A leopard gecko skeleton (D:4)
123 creatures vanquished.

Notes
Turn   | Place    | Note
-------+----------+-------------------------------------------
     0 | D:1      | sankara the Demonspawn Fire Elementalist began the quest for the Orb.
     0 | D:1      | Reached XP level 1. HP: 13/13 MP: 3/3
   215 | D:1      | HP: 3/13 [bat (1)]
   584 | D:1      | Gained mutation: You regenerate a little health from kills. [demonic ancestry]
   584 | D:1      | Reached XP level 2. HP: 19/19 MP: 1/5
   732 | D:1      | Reached skill level 3 in Fire Magic
  1255 | D:2      | Noticed Jessica
  1260 | D:2      | Killed Jessica
  1260 | D:2      | Reached skill level 2 in Conjurations
  1260 | D:2      | Gained mutation: You are slightly more attuned to the shadows. [demonic ancestry]
  1260 | D:2      | Reached XP level 3. HP: 24/24 MP: 2/7
  1691 | D:2      | Found a sparkling altar of Nemelex Xobeh.
  1990 | D:2      | Gained mutation: You have large cloven feet. [demonic ancestry]
  1990 | D:2      | Reached XP level 4. HP: 20/30 MP: 4/8
  2289 | D:3      | Reached skill level 3 in Spellcasting
  2826 | D:3      | Gained mutation: You have hoof-like feet. [demonic ancestry]
  2826 | D:3      | Reached XP level 5. HP: 28/35 MP: 0/9
  2979 | D:4      | Reached skill level 3 in Conjurations
  3035 | D:4      | Noticed sankara's ghost (amateur DsFE)
  3056 | D:3      | Learned a level 3 spell: Conjure Flame
  3061 | D:3      | Learned a level 4 spell: Sticky Flame
  4100 | D:4      | Killed sankara's ghost
  4100 | D:4      | Reached skill level 4 in Fire Magic
  4100 | D:4      | Reached XP level 6. HP: 29/41 MP: 2/11
  4639 | D:5      | Entered Level 5 of the Dungeon
  4645 | D:5      | Reached skill level 4 in Spellcasting
  4739 | D:5      | Learned a level 5 spell: Fireball
  4756 | D:5      | Reached skill level 4 in Conjurations
  5023 | D:5      | Reached XP level 7. HP: 42/46 MP: 13/13
  5134 | D:5      | Reached skill level 5 in Fire Magic
  5142 | D:5      | Found a burning altar of Makhleb.
  5494 | D:5      | Reached skill level 5 in Conjurations
  5544 | D:5      | Found a staircase to the Ecumenical Temple.
  5549 | Temple   | Entered the Ecumenical Temple
  5649 | Temple   | Became a worshipper of Kikubaaqudgha
  5704 | D:5      | Found Ereifos's Book Shoppe.
  6171 | D:5      | Noticed Blork the orc
  6179 | D:5      | Killed Blork the orc
  6350 | D:5      | Noticed Pikel
  6448 | D:5      | Noticed Eustachio
  6775 | D:5      | Killed Eustachio
  6775 | D:5      | Reached skill level 1 in Fighting
  6775 | D:5      | Reached XP level 8. HP: 53/54 MP: 4/14
  7156 | D:5      | Killed Pikel
  7156 | D:5      | Reached skill level 6 in Conjurations
  7156 | D:5      | Reached skill level 6 in Fire Magic
  7283 | D:6      | Found Idikhlass's Food Shoppe.
  7289 | D:6      | Reached skill level 7 in Conjurations
  7351 | D:5      | Reached skill level 7 in Fire Magic
  8727 | D:7      | HP: 13/54 [something (3)]
  8728 | D:7      | HP: 4/54 [orc wizard/dagger (5)]
  8732 | D:7      | Slain by an orc wizard

Vault maps used:
D:1:      wheals_arrival_linesprint, dk_noncrumbling_4
D:2:      first_ration, nemelex_xobeh_ov_fountains_minmay, uniq_jessica
D:5:      nicolae_overflow_crystal_walls, minmay_temple_entry_glassed_door,
          serial_shops, nicolae_shop_temple_entry_statues_fountains,
          uniq_blork_the_orc, uniq_eustachio, uniq_pikel
D:6:      serial_shops, nicolae_shop_competitors_out_of_business
D:7:      lemuel_coloured_pillars_altar, nicolae_overflow_hidden_temple,
          serial_co_window_serial, co_window_corner_a, co_window_paths_a,
          co_window_paths_b, co_window_corner_a, co_window_of_opportunity_a,
          co_window_broadway_a, co_window_broadway_a, co_window_broadway_b,
          co_window_corner_b, glass_columns_a, glass_columns_a, glass_columns_a,
          minmay_a_box_with_orc_wizards_in_it
Temple:   compressed_dpeg_circular_temple

Skill      XL: |  1  2  3  4  5  6  7  8 |
---------------+-------------------------+-----
Fire Magic     | 3 4 5 7 |  7.5
Conjurations   | 2 3 4 5 7 |  7.7
Spellcasting   | 3 4 |  4.0
Fighting       | 1 |  1.3
Dodging        | |  1.7
Stealth        | |  1.7

Action                   |  1- 3 |  4- 6 |  7- 9 || total
-------------------------+-------+-------+-------++-------
Melee: Unarmed           |    11 |       |       ||    11
       Short sword       |    20 |       |       ||    20
       Dagger            |     1 |     2 |       ||     3
       Kick              |       |    11 |     9 ||    20
       Whip              |       |    43 |    69 ||   112
Throw: Stone             |       |     2 |     2 ||     4
 Cast: Flame Tongue      |    52 |    96 |    65 ||   213
       Sticky Flame      |       |     9 |    16 ||    25
       Conjure Flame     |       |       |     4 ||     4
       Fireball          |       |       |     6 ||     6
  Use: Scroll            |       |     2 |       ||     2
 Stab: Sleeping          |     1 |     2 |     1 ||     4
       Distracted        |       |       |     1 ||     1
  Eat: Chunk             |     4 |    10 |    15 ||    29
       Ration            |       |       |     1 ||     1
Armor: Robe              |    28 |    12 |    15 ||    55
Dodge: Dodged            |    60 |    66 |    73 ||   199

Table legend:
 A = Spawn XP
 B = Non-spawn XP
 C = Spawn XP percentage of total XP
 D = Spawn monster count
 E = Non-spawn monster count
 F = Spawn count percentage of total count
 G = Total turns spent on level
                    A         B        C        D         E        F      G
               +---------+---------+-------+---------+---------+-------+---------
         Total |       0 |    2769 |   0.0 |       0 |     119 |   0.0 |  8732
               +---------+---------+-------+---------+---------+-------+---------
           D:1 |       0 |      38 |   0.0 |       0 |      19 |   0.0 |  1211
           D:2 |       0 |      88 |   0.0 |       0 |      13 |   0.0 |   980
           D:3 |       0 |      80 |   0.0 |       0 |      29 |   0.0 |  1191
           D:4 |       0 |     302 |   0.0 |       0 |      14 |   0.0 |  1558
           D:5 |       0 |    1713 |   0.0 |       0 |      28 |   0.0 |  2740
           D:6 |       0 |     504 |   0.0 |       0 |      15 |   0.0 |   816
           D:7 |       0 |      44 |   0.0 |       0 |       1 |   0.0 |   123
               +---------+---------+-------+---------+---------+-------+---------

Vault maps used:
D:1:      wheals_arrival_linesprint, dk_noncrumbling_4
D:2:      first_ration, nemelex_xobeh_ov_fountains_minmay, uniq_jessica
D:5:      nicolae_overflow_crystal_walls, minmay_temple_entry_glassed_door,
          serial_shops, nicolae_shop_temple_entry_statues_fountains,
          uniq_blork_the_orc, uniq_eustachio, uniq_pikel
D:6:      serial_shops, nicolae_shop_competitors_out_of_business
D:7:      lemuel_coloured_pillars_altar, nicolae_overflow_hidden_temple,
          serial_co_window_serial, co_window_corner_a, co_window_paths_a,
          co_window_paths_b, co_window_corner_a, co_window_of_opportunity_a,
          co_window_broadway_a, co_window_broadway_a, co_window_broadway_b,
          co_window_corner_b, glass_columns_a, glass_columns_a, glass_columns_a,
          minmay_a_box_with_orc_wizards_in_it
Temple:   compressed_dpeg_circular_temple

Table legend:
 A = Turns spent in this place as a percentage of turns spent in the entire game.
 B = Non-inter-level travel turns spent in this place as a percentage of non-inter-level travel turns spent in the entire game.
 C = Inter-level travel turns spent in this place as a percentage of turns spent in this place.
 D = Turns resting spent in this place as a percentage of non-inter-level travel turns spent in this place.
 E = Turns spent auto-exploring this place as a percentage of non-inter-level travel turns spent in this place.
 F = Non-inter-level travel turns spent in this place divided by the number of levels of this place that you've seen.
                   A       B       C       D       E      F
               +-------+-------+-------+-------+-------+----------------------
         Total | 100.0 | 100.0 |   3.1 |  42.0 |  37.0 | 1057.8
       Dungeon |  98.7 |  98.8 |   3.0 |  42.5 |  36.4 | 1194.3
        Temple |   1.3 |   1.2 |   9.7 |   0.0 |  79.4 | 102.0
               +-------+-------+-------+-------+-------+----------------------

Table legend:
 A = Kills in this place as a percentage of kills in entire the game.
 B = Kills by you in this place as a percentage of kills by you in the entire game.
 C = Kills by friends in this place as a percentage of kills by friends in the entire game.
 D = Other kills in this place as a percentage of other kills in the entire game.
 E = Experience gained in this place as a percentage of experience gained in the entire game.
 F = Experience gained in this place divided by the number of levels of this place that you have seen.
                   A       B       C       D       E      F
               +-------+-------+-------+-------+-------+----------------------
         Total | 100.0 | 100.0 |   N/A |   N/A | 100.0 | 346.1
       Dungeon | 100.0 | 100.0 |   N/A |   N/A | 100.0 | 395.6
               +-------+-------+-------+-------+-------+----------------------
